 Dungeon Crawl Stone Soup version 0.31.0-1-g2c135a0 (webtiles) character file.

Game seed: 941800108568941989

103 Shade711 the Gusty (level 4, -2/58 HPs)
             Began as an Oni Air Elementalist on Mar 9, 2024.
             Killed from afar by Sigmund (5 damage)
             ... with a puff of flame
             ... on level 2 of the Dungeon on Mar 10, 2024.
             The game lasted 00:12:40 (3079 turns).

Shade711 the Gusty (Oni Air Elementalist)           Turns: 3079, Time: 00:12:41

Health: -2/58      AC: 22    Str: 12    XL:     4   Next: 79%
Magic:  2/7        EV:  1    Int: 18    God:
Gold:   90         SH:  0    Dex:  9    Spells: 0/7 levels left

rFire   . . .        f - +2 sling (freeze)
rCold   . . .        (no shield)
rNeg    . . .        a - melded +0 robe
rPois   +            (helmet currently unavailable)
rElec   .            (cloak currently unavailable)
rCorr   .            (gloves unavailable)
SInv    .            (boots unavailable)
Will    .....        (no amulet)
Stlth   +            (no ring)
HPRegen 0.29/turn    (no ring)
MPRegen 0.10/turn

%: no passive effects
@: confused, tree-form
A: stationary, stasis, torment immunity, boosted hp, large, unfitting armour,
(horns 1), (tough skin 1), double potion healing, drunken brawling
a: no special abilities


You were on level 2 of the Dungeon.
You were a tree.
You visited 1 branch of the dungeon, and saw 2 of its levels.

You collected 90 gold pieces.

Inventory:

Hand Weapons
 f - a +2 sling of freezing (weapon)
 i - a +0 dagger
 n - a +0 spear
 p - a +2 short sword of venom
Missiles
 m - 7 boomerangs
Armour
 a - a +0 robe (melded)
 h - a +0 ring mail
Scrolls
 c - a scroll of teleportation
 d - a scroll of identify {unknown}
 e - a scroll of blinking {unknown}
 j - a scroll of immolation {unknown}
 k - a scroll of poison {unknown}
 l - a scroll of enchant armour {unknown}
 o - a scroll of brand weapon {unknown}
Potions
 b - a potion of magic


   Skills:
 - Level 1.7 Dodging
 - Level 1.4 Stealth
 - Level 2.4 Spellcasting
 - Level 0.8 Conjurations
 + Level 4.9 Air Magic


You couldn't memorise any spells.
You knew the following spells:

 Your Spells              Type           Power      Damage    Failure   Level
a - Shock                 Conj/Air       48%        1d6       5%          1
b - Static Discharge      Conj/Air       24%        3-4/arc   9%          2
c - Airstrike             Air            9%         2d(2-18)  22%         4

Your spell library contained the following spells:

 Spells                   Type           Power      Damage    Failure   Level
 Swiftness                Air            19%        N/A       7%          3
 Slow                     Hex            8%         N/A       17%         1
 Confusing Touch          Hex            2%         N/A       45%         3
 Sigil of Binding         Hex            2%         N/A       45%         3
 Vampiric Draining        Necr           2%         2d6       45%         3
 Animate Dead             Necr           2%         N/A       86%         4
 Haunt                    Necr/Summ      1%         N/A       100%        7
 Infestation              Necr           1%         N/A       100%        8


Dungeon Overview and Level Annotations

Branches:
Dungeon (2/15)

Altars:

Annotations:
D:2 Sigmund


Innate Abilities, Weirdness & Mutations

You are a tree.
Your roots penetrate the ground, keeping you stationary.
You cannot be teleported.
You are immune to unholy pain and torment.
Your maximum health is greatly increased.
Your equipment is partially melded.
You are too large for most types of armour.
((You have a pair of small horns on your head.))
((You have tough skin. (AC +1)))
You gain doubled healing and magic from potions.
Whenever you drink a healing potion, you attack all around you.


Message History

Press: ? - help, Shift-Dir - straight line
Casting: Shock (safe; 5% risk of failure)
Confirm with . or Enter, or press ? or * to list all spells.
Aiming: Shock (safe; 5% risk of failure)
Press: ? - help, Shift-Dir - straight line Something hits you.
You shoot a sling bullet.
You hear some strange, mumbled words.
Something tries to affect you, but you resist.
Something hits you.
You shoot a sling bullet. You shoot a sling bullet. Something hits you.
You shoot a sling bullet.
You hear some strange, mumbled words.
A magic dart appears from out of thin air!
The magic dart hits you.
* * * LOW HITPOINT WARNING * * *
Something hits you.
* * * LOW HITPOINT WARNING * * *
It was a potion of lignification.
You turn into a tree.
Your +0 robe melds into your body.
Your roots penetrate the ground.
Sigmund appears from thin air!
Reactivating autopickup.
You shoot a sling bullet.
The sling bullet closely misses Sigmund.
Sigmund hits you with a +0 scythe.
* * * LOW HITPOINT WARNING * * *
You shoot a sling bullet. The sling bullet barely misses Sigmund.
Sigmund casts a spell at you.
You are confused.
Sigmund hits you but does no damage.
You cannot move. (Use ctrl+direction or * direction to attack while stationary and confused.)
You cannot move. (Use ctrl+direction or * direction to attack while stationary and confused.)
You shoot a sling bullet. You shoot a sling bullet.
Sigmund hits you but does no damage.
You shoot a sling bullet. Sigmund casts a spell at you.
The puff of flame hits you.
You die...
Sigmund begins carving another notch in his scythe.

..# .## ... .# #'#
.# ###.#### .#
#......# .#
#.#.##<### .#
#........# .#
.##########......#.#
.#
........♣@...$.#.#.#
##
###########......# #
##..##.....
#..####.## #..# #
#..####.# #.......#
##.###### #+#
####### #.# ####


You could see Sigmund.

Vanquished Creatures
  6 adders (D:2)
  2 dart slugs (D:1)
  10 ball pythons
  A giant cockroach (D:1)
  12 hobgoblins
  3 quokkas
  3 bats (D:1)
  2 frilled lizards
  2 goblins (D:1)
  4 kobolds
  2 rats
47 creatures vanquished.

Notes
Turn   | Place    | Note
-------+----------+-------------------------------------------
     0 | D:1      | Shade711 the Oni Air Elementalist began the quest for the
                  | Orb.
     0 | D:1      | Reached XP level 1. HP: 16/16 MP: 3/3
    72 | D:1      | Reached skill level 3 in Air Magic
   272 | D:1      | Reached XP level 2. HP: 20/24 MP: 0/5
   627 | D:1      | Reached XP level 3. HP: 31/31 MP: 6/6
   692 | D:1      | Learned a level 2 spell: Static Discharge
  1053 | D:2      | Reached skill level 4 in Air Magic
  1175 | D:2      | Reached XP level 4. HP: 39/39 MP: 7/7
  2618 | D:2      | Noticed Sigmund
  2989 | D:2      | Learned a level 4 spell: Airstrike
  3075 | D:2      | HP: 1/58 [Sigmund/+0 scythe (4)]
  3079 | D:2      | Killed from afar by Sigmund

Illustrated notes

Levels and vault maps discovered:
D:1:      lightli_iron_boxes, layout_loops_ring
D:2:      layout_loops_corners, grunt_decor_mini_mirrors, supply_closet_lemuel,
          minmay_misc_feat_pillars, minmay_snake_closets, uniq_natasha,
          uniq_crazy_yiuf_cottage, uniq_sigmund

Skill      XL: |  1  2  3 |
---------------+----------+-----
Air Magic      | 3 4 |  4.9
Dodging        | |  1.7
Stealth        | |  1.4
Spellcasting   | |  2.4
Conjurations   | |  0.8

Action                     |  1- 3 |  4- 6 || total
---------------------------+-------+-------++-------
  Melee: Unarmed           |    12 |       ||    12
         Headbutt          |     7 |     1 ||     8
         Punch             |     1 |       ||     1
         Spear             |    25 |    15 ||    40
         Short sword       |       |    13 ||    13
   Fire: Sling             |    84 |     9 ||    93
  Throw: Boomerang         |       |     2 ||     2
   Cast: Shock             |    12 |    21 ||    33
         Airstrike         |       |     1 ||     1
    Use: Potion            |       |     2 ||     2
         Scroll            |       |     1 ||     1
   Stab: Sleeping          |     2 |     2 ||     4
 Armour: Robe              |    59 |    48 ||   107
         Skin              |       |     4 ||     4
  Dodge: Dodged            |    46 |    13 ||    59
